 Dungeon Crawl Stone Soup version 0.28-a0-413-gde365fb1df (webtiles) character file.

Game seed: 10289729852930737603

3186 heikuro the Carver (level 10, -8/79 HPs)
             Began as a Formicid Fighter on Sept 8, 2021.
             Was a Believer of Okawaru.
             Mangled by a rust devil (10 damage)
             ... summoned by a kobold demonologist
             ... on level 7 of the Dungeon.
             The game lasted 00:15:48 (8763 turns).

heikuro the Carver (Formicid Fighter)               Turns: 8763, Time: 00:15:48

Health: -8/79      AC: -7    Str: 22    XL:     10   Next: 16%
Magic:  8/10       EV:  9    Int:  8    God:    Okawaru [**....]
Gold:   411        SH:  7    Dex: 12    Spells: 9/9 levels left

rFire   + . .      SeeInvis +   B - +3 long sword
rCold   . . .      Faith    .   c - +0 buckler
rNeg    . . .      Spirit   .   t - +0 plate armour
rPois   .          Reflect  .   (helmet unavailable)
rElec   .          Harm     .   D - +0 cloak
rCorr   .          Rampage  .   y - +0 pair of gloves
Will    +....                   m - +0 pair of boots
Stlth   ..........              (no amulet)
HPRegen 0.23/turn               k - ring of protection from fire
MPRegen 0.12/turn               r - +4 ring of protection

@: heroic, corroded
A: permanent stasis, dig shafts and tunnels, antennae 3, four strong arms
a: Dig, Shaft Self, Renounce Religion, Heroism


You were on level 7 of the Dungeon.
You worshipped Okawaru.
Okawaru was pleased with you.
You visited 2 branches of the dungeon, and saw 8 of its levels.

You collected 411 gold pieces.

Inventory:

Hand Weapons
 x - a +1 war axe of freezing
 B - a +3 long sword (weapon)
Missiles
 a - a boomerang of dispersal (quivered)
 C - 8 poisoned darts
Armour
 c - a +0 buckler (worn)
 m - a +0 pair of boots (worn)
 t - a +0 plate armour (worn)
 y - a +0 pair of gloves (worn)
 D - a +0 cloak (worn)
Jewellery
 k - a ring of protection from fire (left hand)
 r - a +4 ring of protection (right hand)
Wands
 s - a wand of digging (4)
Scrolls
 b - a scroll of torment {unknown}
 e - a scroll of fog {unknown}
 g - a scroll of holy word {unknown}
 n - a scroll of amnesia {unknown}
 o - 2 scrolls of teleportation {unknown}
 p - a scroll of enchant weapon {unknown}
 v - 2 scrolls of noise {unknown}
 w - a scroll of immolation {unknown}
 A - a scroll of enchant armour {unknown}
Potions
 d - 2 potions of might
 f - a potion of ambrosia
 h - 4 potions of curing
 i - 2 potions of lignification
 j - 2 potions of invisibility
 q - a potion of magic
 u - a potion of attraction {unknown}
 z - a potion of brilliance {unknown}


   Skills:
 + Level 7.4(12.4) Fighting
 * Level 8.9(13.9) Long Blades
 + Level 7.4(12.4) Armour
 + Level 8.1(13.1) Shields


You had 9 spell levels left.
You didn't know any spells.
Your spell library contained the following spells:

 Spells                   Type           Power      Damage    Failure   Level
 Beastly Appendage        Tmut           0%         N/A       99%         1
 Wereblood                Tmut           0%         N/A       100%        2
 Lesser Beckoning         Tloc           0%         N/A       100%        3
 Spider Form              Tmut/Pois      0%         N/A       100%        3
 Manifold Assault         Tloc           0%         N/A       100%        5
 Blink                    Tloc           Unusable   N/A       N/A         2

Dungeon Overview and Level Annotations

Branches:
Dungeon (7/15)             Temple (1/1) D:6

Altars:
Ashenzari
Dithmenos
Elyvilon
Fedhas
Gozag
Hepliaklqana
Kikubaaqudgha
Makhleb
Nemelex Xobeh
Okawaru
Qazlal
Ru
Sif Muna
Trog
Uskayaw
Vehumet
Wu Jian
Xom
Yredelemnul
Zin
The Shining One

Shops:
D:1 (


Innate Abilities, Weirdness & Mutations

You cannot be hasted, slowed, berserked, paralysed or teleported.
You can dig through walls and to a lower floor.
You have a pair of large antennae on your head. (SInv)
Your four strong arms can wield two-handed weapons with a shield.


Message History

The rust devil corrodes you!
The kobold demonologist begins to cast a cantrip, but forgets the words!
You hit the kobold demonologist but do no damage.
The kobold demonologist is lightly wounded.
The rust devil hits you. The rust devil corrodes you! The rust devil hits you.
The rust devil corrodes you!
The kobold demonologist hits you with a +0 dagger.
You hit the kobold demonologist but do no damage.
The kobold demonologist is lightly wounded.
You block the rust devil's attack. The rust devil hits you!
The rust devil corrodes you!
The kobold demonologist hits you with a +0 dagger.
You barely miss the kobold demonologist.
The kobold demonologist is lightly wounded.
The rust devil barely misses you. The rust devil hits you!
* * * LOW HITPOINT WARNING * * *
The rust devil corrodes you!
The kobold demonologist hits you with a +0 dagger.
* * * LOW HITPOINT WARNING * * *
The ufetubus shouts!
You gain the combat prowess of a mighty hero.
You block the rust devil's attack. The rust devil closely misses you.
The kobold demonologist looks braver for a moment.
Unknown command.
You closely miss the kobold demonologist.
The kobold demonologist is lightly wounded.
The rust devil hits you!
* * * LOW HITPOINT WARNING * * *
The rust devil corrodes you! The rust devil hits you!
* * * LOW HITPOINT WARNING * * *
The rust devil corrodes you!
You hit the kobold demonologist.
The kobold demonologist is moderately wounded.
The kobold demonologist casts a cantrip, but nothing happens.
You block the rust devil's attack.
Unknown command.
You slash the kobold demonologist!
The kobold demonologist is heavily wounded.
The rust devil hits you!
You die...

.....# #.#..# # #..#.#
#.#..#.# #..# ## #.#..#.##
...# .# #.#.....##
#######.##### #.#.......
>..#.... ...# #.#.......
#..#.#.####.### #5...#
#..#.#.##.....###4###.#
.....#.##.....##@## #
.#.).........)K4K# (##
###.†..##.....##5## #..##
.#.^#####.....###g###....##.
...## ###.### #K..).......
##.########.# #.#####.####
##..........# #.#
............# #.#


{{{{ ###########.# .#. You could see 2 rust devils, a kobold demonologist, a
gnoll, a white imp (summoned), an ufetubus (summoned) and 2 kobolds.

Vanquished Creatures
  A two-headed ogre (D:6)
  A kobold demonologist (D:7)
  Eustachio (D:5)
  A wraith (D:6)
  A hornet zombie (D:7)
  2 ice beasts
  5 ogres
  A kobold brigand (D:7)
  A gnoll sergeant (D:7)
  3 scorpions
  A bullfrog (D:7)
  A water moccasin zombie (D:6)
  5 wights (D:7)
  2 bullfrog zombies
  6 hounds
  2 orc priests (D:5)
  Jessica (D:2)
  A bullfrog skeleton (D:6)
  2 iguanas
  An orc wizard (D:3)
  Robin (D:1)
  11 gnolls
  A howler monkey skeleton (D:5)
  5 adders
  A shadow imp (D:5)
  A white imp (D:7)
  A worm (D:4)
  2 dart slugs
  8 orcs
  9 bats
  10 endoplasms
  2 giant cockroaches
  19 goblins
  9 hobgoblins
  4 jackals (D:2)
  16 kobolds
  2 quokkas (D:3)
  6 ball pythons
  6 frilled lizards
  8 rats
161 creatures vanquished.

Notes
Turn   | Place    | Note
-------+----------+-------------------------------------------
     0 | D:1      | heikuro the Formicid Fighter began the quest for the Orb.
     0 | D:1      | Reached XP level 1. HP: 18/18 MP: 1/1
    45 | D:1      | Found Dedu's Weapon Emporium.
   236 | D:1      | Reached XP level 2. HP: 24/24 MP: 2/2
   337 | D:1      | Reached XP level 3. HP: 25/29 MP: 3/3
  1130 | D:2      | Noticed Robin
  1186 | D:1      | Reached XP level 4. HP: 25/37 MP: 4/4
  1358 | D:1      | Killed Robin
  1957 | D:2      | Reached XP level 5. HP: 27/42 MP: 5/5
  2376 | D:2      | Noticed Jessica
  2391 | D:2      | Killed Jessica
  3212 | D:3      | Reached XP level 6. HP: 44/48 MP: 6/6
  4299 | D:4      | Reached skill level 5 in Shields
  4299 | D:4      | Reached XP level 7. HP: 50/55 MP: 7/7
  4707 | D:5      | Entered Level 5 of the Dungeon
  4744 | D:5      | Reached skill level 5 in Long Blades
  5205 | D:6      | Reached skill level 5 in Fighting
  5205 | D:6      | Reached skill level 5 in Armour
  5450 | D:6      | Reached XP level 8. HP: 24/62 MP: 8/8
  6037 | D:6      | Found a staircase to the Ecumenical Temple.
  6054 | Temple   | Entered the Ecumenical Temple
  6324 | Temple   | Became a worshipper of Warmaster Okawaru
  6375 | D:6      | Noticed a two-headed ogre
  6498 | D:5      | Noticed Eustachio
  6535 | D:5      | Killed Eustachio
  6841 | D:6      | Reached * piety under Okawaru
  6842 | D:6      | Reached XP level 9. HP: 69/69 MP: 9/9
  7603 | D:7      | Reached ** piety under Okawaru
  8422 | D:6      | Found a staircase to the Ecumenical Temple.
  8502 | D:6      | Killed a two-headed ogre
  8503 | D:6      | Reached XP level 10. HP: 79/79 MP: 10/10
  8694 | D:7      | Noticed a kobold demonologist
  8710 | D:7      | Noticed a soul eater
  8713 | D:7      | Killed a kobold demonologist
  8723 | D:7      | Noticed a kobold demonologist
  8745 | D:7      | Noticed a rust devil
  8753 | D:7      | Noticed a rust devil
  8761 | D:7      | HP: 2/79 [rust devil[a kobold demonologist] (8)]
  8763 | D:7      | Mangled by a rust devil

Illustrated notes

Levels and vault maps discovered:
D:1:      wander_arrival_estate, layout_basic, serial_shops, nicolae_shop_stone,
          st_stairs_4, minmay_heptomino_o4
D:2:      layout_rooms, uniq_jessica, uniq_robin
D:3:      layout_loops_ring
D:4:      layout_rooms
D:5:      layout_cave_pools, uniq_eustachio
D:6:      layout_cave_pools, minmay_temple_entry_crystal_x, grunt_decor_fettered
D:7:      layout_loops_ring
Temple:   kilobyte_greek_temple

Skill      XL: |  1  2  3  4  5  6  7  8  9 10 |
---------------+-------------------------------+-----
Shields        | 4 5 6 7 8 |  8.1
Long Blades    | 3 4 5 6 8 |  8.9
Armour         | 4 5 6 7 |  7.4
Fighting       | 4 5 6 7 |  7.4

Action                   |  1- 3 |  4- 6 |  7- 9 | 10-12 || total
-------------------------+-------+-------+-------+-------++-------
Melee: Long sword        |   108 |    81 |    70 |    51 ||   310
       Dagger            |       |   133 |   246 |       ||   379
       War axe           |       |       |    22 |       ||    22
Throw: Dart              |       |       |     9 |       ||     9
       Boomerang         |       |       |     4 |       ||     4
Invok: Heroism           |       |       |       |     1 ||     1
 Abil: Dig               |     1 |       |     2 |       ||     3
  Use: Scroll            |       |     3 |     3 |       ||     6
       Potion            |       |       |     1 |       ||     1
Armor: Scale mail        |    41 |    76 |       |       ||   117
       Plate armour      |       |    23 |   175 |    38 ||   236
Dodge: Dodged            |    60 |    68 |   101 |    13 ||   242
Block: Buckler           |    29 |    44 |    79 |    13 ||   165

Table legend: (Time is in decaauts)
 A = Elapsed time spent in this place.
 B = Non-inter-level travel time spent in this place.
 C = Inter-level travel time spent in this place.
 D = Time resting spent in this place.
 E = Time spent auto-exploring this place.
 F = Levels seen in this place.
 G = Mean time per level.
                   A        B        C        D        E       F      G
               +--------+--------+--------+--------+--------+-----+--------+
         Total |   8784 |   8511 |    273 |   3138 |   3081 |   8 | 1098.0 |
       Dungeon |   8477 |   8276 |    201 |   3138 |   2853 |   7 | 1211.0 |
        Temple |    306 |    234 |     72 |      0 |    228 |   1 |  306.0 |
               +--------+--------+--------+--------+--------+-----+--------+

Top non-repeatable levels by time:
     D:1: 2194 daAuts
     D:6: 1551 daAuts
     D:5: 1169 daAuts
     D:2: 1082 daAuts
     D:7: 934 daAuts
     D:3: 837 daAuts
     D:4: 708 daAuts
  Temple: 306 daAuts
